AoeStats
← Kerry Kachota

Arena

510381583Analyzed
1v1 RM · 14h ago on Sep 30, 2026· 82m 38s· 2 players
Game mode
Random Map
Map size
Tiny (2 player)
Population
200
Speed
Normal
Resources
Standard
Victory
Conquest
Starting age
Dark Age
Ending age
Imperial Age
RankedLock teamsTeams togetherTeam positionsShared explorationLock speedFull tech treeHidden civsTurbo modeCheats
Victory
Defeat
🇵🇱 Britons · Poland
743
+14
🇦🇷 Bohemians · Argentina
698
-14
Kerry Kachota
11:28 Feudal Age
15:11 Castle Age
13:26 Double-Bit Axe
13:32 Horse Collar
16:03 Bow Saw
17:11 Wheelbarrow
17:43 Heavy Plow
20:30 Chemistry
20:22 Hand Cart
37:01 Imperial Age
35:56 Padded Archer Armor
37:09 Cavalier
37:50 Husbandry
38:24 Scale Barding Armor
38:31 Forging
39:47 Pikeman
40:28 Squires
41:55 Halberdier
42:12 Light Cavalry
44:24 Chain Barding Armor
44:39 Iron Casting
44:06 Scale Mail Armor
48:43 Onager
50:36 Blast Furnace
49:52 Chain Mail Armor
73:58 Plate Mail Armor
Somsiad
10:16 Feudal Age
18:40 Castle Age
16:30 Double-Bit Axe
16:45 Horse Collar
17:28 Gold Mining
17:35 Stone Mining
24:54 Bow Saw
24:45 Heavy Plow
25:28 Padded Archer Armor
25:19 Fletching
32:45 Gold Shaft Mining
33:29 Leather Archer Armor
33:10 Bodkin Arrow
35:31 Wheelbarrow
34:41 Town Watch
35:29 Ballistics
35:05 Murder Holes
35:20 Masonry
34:51 Treadmill Crane
36:32 Hand Cart
38:54 Imperial Age
36:45 Scale Mail Armor
40:18 Town Patrol
41:26 Conscription
41:42 Hoardings
42:51 Ring Archer Armor
42:22 Bracer
42:06 Crossbowman
43:17 Elite Skirmisher
45:05 Chemistry
44:36 Architecture
43:49 Pikeman
47:16 Light Cavalry
47:58 Husbandry
51:21 Loom
55:41 Scale Barding Armor
55:47 Forging
57:59 Arbalester
59:02 Chain Barding Armor
58:58 Chain Mail Armor
65:19 Plate Barding Armor
65:15 Plate Mail Armor
65:21 Iron Casting
64:09 Halberdier
68:40 Capped Ram
Connection lost

Rejoining the realm…

Still unreachable

The connection could not be restored.

Session expired

The server has moved on; the page needs a fresh start.